 Dungeon Crawl Stone Soup version 0.31.0-11-ge490571c62 (webtiles) character file.

Game seed: 6209170488601184702

68 Aneyh the Poker (level 4, -2/28 HPs)
             Began as a Tengu Monk on Feb 10, 2024.
             Slain by Blork the orc
             ... wielding a +0 war axe
              (8 damage)
             ... on level 4 of the Dungeon.
             The game lasted 00:04:48 (1806 turns).

Aneyh the Poker (Tengu Monk)                        Turns: 1806, Time: 00:04:48

Health: -2/28      AC:  2    Str: 13    XL:     4   Next: 19%
Magic:  5/5        EV: 13    Int: 10    God:
Gold:   140        SH:  0    Dex: 17    Spells: 0/3 levels left

rFire   . . .        a - +0 spear
rCold   . . .        (no shield)
rNeg    . . .        b - +0 robe
rPois   .            (helmet currently unavailable)
rElec   .            (cloak currently unavailable)
rCorr   .            (gloves currently unavailable)
SInv    .            (boots unavailable)
Will    .....        (no amulet)
Stlth   +            (no ring)
HPRegen 0.24/turn    (no ring)
MPRegen 0.09/turn

%: acrobat
@: confused, beast-form, ambrosia-drunk
A: beast (slay +0), beak, talons 3, acrobatic
a: Begin Untransformation


You were on level 4 of the Dungeon.
You were a hulking beast.
You visited 1 branch of the dungeon, and saw 4 of its levels.

You collected 140 gold pieces.

Inventory:

Hand Weapons
 a - a +0 spear (weapon)
Missiles
 n - 5 boomerangs (quivered)
Armour
 b - a +0 robe (worn)
 d - an orb of light
Jewellery
 m - an amulet of faith
Talismans
 e - a beast talisman (active)
Scrolls
 j - 2 scrolls of amnesia {unknown}
 l - 2 scrolls of identify {unknown}
Potions
 c - a potion of ambrosia
 f - 2 potions of curing {unknown}
 g - a potion of heal wounds {unknown}
 h - a potion of degeneration {unknown}
 i - a potion of resistance {unknown}
 k - a potion of berserk rage {unknown}
 o - a potion of enlightenment {unknown}
 p - a potion of might {unknown}


   Skills:
 - Level 3.0 Fighting
 + Level 4.6 Polearms
 - Level 3.2 Dodging
 * Level 0.2 Summonings
 * Level 1.6 Shapeshifting


You couldn't memorise any spells.
You knew the following spells:

 Your Spells              Type           Power      Damage    Failure   Level
a - Call Canine Familiar  Summ           0%         N/A       71%         3

Your spell library contained the following spells:

 Spells                   Type           Power      Damage    Failure   Level
 Summon Small Mammal      Summ           0%         N/A       34%         1
 Brom's Barrelling Bould  Conj/Erth      0%         2d3       98%         4
 Summon Blazeheart Golem  Fire/Summ      0%         N/A       98%         4
 Fireball                 Conj/Fire      0%         3d3       100%        5
 Iskenderun's Battlesphe  Conj           0%         2d6       100%        5
 Conjure Ball Lightning   Conj/Air       0%         3x3d6     100%        6
 Orb of Destruction       Conj           0%         9d5       100%        7


Dungeon Overview and Level Annotations

Branches:
Dungeon (4/15)
 Temple: D:4-7

Altars:
Qazlal

Shops:
D:3 (

Annotations:
D:4 Blork the orc


Innate Abilities, Weirdness & Mutations

You are a hulking beast.
Your limbs bulge with bestial killing power. (Slay +0)
You have a beak for a mouth.
You have claws for feet.
You can magically evade attacks while moving or waiting.


Message History

No target in view!
No target in view!
Found a stone staircase leading up.
No target in view!
o - a fuming inky potion No target in view!
No target in view!
No target in view!
p - a bubbling red potion No target in view!
Found a stormy altar of Qazlal.
No target in view!
You now have 140 gold pieces (gained 6).
Blork the orc comes into view.
He is wielding a +0 war axe.
Blork the orc shouts!
Blork the orc is nearby!
You hit Blork the orc.
You claw Blork the orc, but do no damage.
You peck Blork the orc.
Blork the orc is lightly wounded.
Blork the orc misses you.
You hit Blork the orc.
Blork the orc is moderately wounded.
Blork the orc closely misses you.
You hit Blork the orc but do no damage. You claw Blork the orc.
Blork the orc is moderately wounded.
Blork the orc casts a spell at you. The puff of frost hits you!
You hit Blork the orc. You claw Blork the orc. You punch Blork the orc.
Blork the orc is heavily wounded.
Blork the orc hits you with a +0 war axe!
Ouch! That really hurt!
* * * LOW HITPOINT WARNING * * *
You hit Blork the orc.
Blork the orc is heavily wounded.
Blork the orc completely misses you.
You are confused.
You feel invigorated.
Blork the orc hits you with a +0 war axe!
You die...

#.# #.#
#.#.......#..# #.#
#.# #.#.......#..#
#.# #.#
#.^..._...#..# ...
.. #.#.......#..#
..# #.#.......#.##
# #.# ..... #.# #.#
#.####^####.#
#...###...........#
#.oh........#####
#############


You could see Blork the orc.

Vanquished Creatures
  2 adders (D:2)
  2 dart slugs
  A ribbon worm (D:2)
  An orc (D:3)
  2 ball pythons
  5 bats
  2 endoplasms
  A giant cockroach (D:3)
  8 goblins
  2 hobgoblins
  2 frilled lizards (D:1)
  9 kobolds
  9 rats
46 creatures vanquished.

Notes
Turn   | Place    | Note
-------+----------+-------------------------------------------
     0 | D:1      | Aneyh the Tengu Monk began the quest for the Orb.
     0 | D:1      | Reached XP level 1. HP: 14/14 MP: 2/2
   248 | D:1      | Reached XP level 2. HP: 19/19 MP: 3/3
   564 | D:1      | Reached skill level 1 in Shapeshifting
   665 | D:2      | Reached skill level 4 in Polearms
   714 | D:2      | Reached XP level 3. HP: 14/23 MP: 4/4
  1192 | D:3      | Found Taigop's Weapon Emporium.
  1241 | D:3      | Reached XP level 4. HP: 28/28 MP: 5/5
  1372 | D:3      | Learned a level 3 spell: Call Canine Familiar
  1426 | D:3      | Identified the staff of Walech {rElec Str+3 Int-4 Necro
                  | Air}
  1477 | D:3      | Noticed a shining eye
  1479 | D:3      | Noticed an eye of devastation
  1482 | D:3      | Found a faded altar of an unknown god.
  1483 | D:3      | Noticed a shining eye
  1483 | D:3      | Noticed an eye of devastation
  1790 | D:4      | Found a stormy altar of Qazlal.
  1798 | D:4      | Noticed Blork the orc
  1804 | D:4      | HP: 1/28 [Blork the orc/+0 war axe (14)]
  1806 | D:4      | Slain by Blork the orc

Illustrated notes

Levels and vault maps discovered:
D:1:      lightli_arrival_maybe_door_vault, layout_loops_ring,
          lexackson_kobold_supper
D:2:      layout_basic, serial_glass, glass_columns_b, glass_columns_a,
          hangedman_decor_clover_reticule
D:3:      layout_loops_ring, serial_shops, shop,
          hellmonk_ecumenical_altar_watching_god
D:4:      layout_loops_ring, lemuel_tele_altar,
          nicolae_hepliaklqana_monster_ancestors,
          nicolae_concentric_dashed_squares_wild,
          hangedman_abyss_or_decor_lesser_grid, cheibrodos_gnoll_hut,
          uniq_blork_the_orc

Skill      XL: |  1  2 |
---------------+-------+-----
Shapeshifting  | 1 |  1.6
Polearms       | 4 |  4.6
Fighting       | |  3.0
Dodging        | |  3.2
Summonings     | |  0.2

Action                     |  1- 3 |  4- 6 || total
---------------------------+-------+-------++-------
  Melee: Spear             |   104 |    25 ||   129
         Kick              |    19 |     5 ||    24
         Peck              |    10 |     4 ||    14
         Punch             |     1 |     1 ||     2
    Use: Potion            |       |     1 ||     1
   Stab: Sleeping          |     3 |     1 ||     4
 Armour: Robe              |    27 |     8 ||    35
  Dodge: Dodged            |    59 |    11 ||    70
   Form: Beast             |       |     1 ||     1
